 Dungeon Crawl Stone Soup version 0.29.1-15-g9cfb28693d (webtiles) character file.

Game seed: 7757546634608019124

21 Ast3rio the Shooter (level 2, 0/25 HPs)
             Began as a Minotaur Hunter on Mar 28, 2023.
             Slain by an iguana (1 damage)
             ... on level 5 of the Dungeon.
             The game lasted 00:01:07 (397 turns).

Ast3rio the Shooter (Minotaur Hunter)                Turns: 397, Time: 00:01:08

Health: 0/25       AC:  3    Str: 15    XL:     2   Next: 62%
Magic:  1/1        EV: 12    Int:  6    God:
Gold:   24         SH:  0    Dex: 13    Spells: 1/1 levels left

rFire   . . .      SeeInvis .   a - +0 shortbow
rCold   . . .      Faith    .   (shield currently unavailable)
rNeg    . . .      Spirit   .   c - +0 leather armour
rPois   .          Reflect  .   (helmet restricted)
rElec   .          Harm     .   (no cloak)
rCorr   .          Rampage  .   (no gloves)
Will    .....                   (no boots)
Stlth   +.........              (no amulet)
HPRegen 0.08/turn               (no ring)
MPRegen 0.07/turn               (no ring)

@: no status effects
A: horns 2, retaliatory headbutt
a: no special abilities


You were on level 5 of the Dungeon.
You visited 1 branch of the dungeon, and saw 5 of its levels.

You collected 24 gold pieces.

Inventory:

Hand Weapons
 a - a +0 shortbow (weapon)
Armour
 c - a +0 leather armour (worn)
Jewellery
 f - an amulet of guardian spirit
 g - a ring of protection from cold
Wands
 d - a wand of flame (10)
Scrolls
 b - a scroll of immolation
Potions
 e - 2 potions of mutation {unknown}
 h - a potion of attraction {unknown}


   Skills:
 + Level 2.5 Fighting
 + Level 5.2 Ranged Weapons
 + Level 2.2 Dodging
 + Level 0.7 Stealth


You had one spell level left.
You didn't know any spells.
Your spell library was empty.

Dungeon Overview and Level Annotations

Branches:
Dungeon (5/15)
 Temple: D:4-7

Altars:

Annotations:
D:1 1 transporter


Innate Abilities, Weirdness & Mutations

You have a pair of horns on your head.
You reflexively headbutt those who attack you in melee.


Message History

You are too injured to fight recklessly!
You are too injured to fight recklessly!
You don't know any spells.
Unknown command.
Unknown command.
You don't know any spells.
Unknown command.
Unknown command.
You don't know any spells.
Unknown command.
You don't know any spells.
Unknown command.
Unknown command.
Fire: a) +0 shortbow
Press: ? - help, Q - select action, (/) - cycle Shift-Dir - straight line, f/p - iguana
Aim: an iguana (moderately wounded, 64% to hit)
You shoot an arrow. The arrow hits the iguana.
The iguana is heavily wounded.
The iguana misses you. x2
Fire: a) +0 shortbow
Press: ? - help, Q - select action, (/) - cycle Shift-Dir - straight line, f/p - iguana
Aim: an iguana (heavily wounded, 64% to hit)
You shoot an arrow. The arrow barely misses the iguana.
The iguana bites you. The iguana closely misses you.
Unknown command.
Fire: a) +0 shortbow
Press: ? - help, Q - select action, (/) - cycle Shift-Dir - straight line, f/p - iguana
Aim: an iguana (heavily wounded, 64% to hit)
You shoot an arrow. The arrow closely misses the iguana.
The iguana bites you!
* * * LOW HITPOINT WARNING * * *
The iguana closely misses you.
Fire: a) +0 shortbow
Press: ? - help, Q - select action, (/) - cycle Shift-Dir - straight line, f/p - iguana
Aim: an iguana (heavily wounded, 64% to hit)
You shoot an arrow. The arrow hits the iguana!
You kill the iguana!
The iguana misses you. You furiously retaliate!
You headbutt the iguana. The iguana bites you.
You die...

#.# ##.## #...
. #..# .# #..#
.## #..# ....
###..##.....
####...........
.....?.@##....#
####..?l# .#.#
#...## # #$.≈.
#..≈≈≈ #..≈≈≈≈
..≈≈≈≈≈ .≈≈≈≈≈≈


You could see an iguana.

Vanquished Creatures
  An iguana (D:5)
  Robin (D:2)
  A ball python (D:2)
  An endoplasm (D:4)
  5 goblins (D:2)
  A hobgoblin (D:2)
10 creatures vanquished.

Vanquished Creatures (others)
  A goblin (D:2)
1 creature vanquished.

Grand Total: 11 creatures vanquished

Notes
Turn   | Place    | Note
-------+----------+-------------------------------------------
     0 | D:1      | Ast3rio the Minotaur Hunter began the quest for the Orb.
     0 | D:1      | Reached XP level 1. HP: 18/18 MP: 0/0
     5 | D:2      | Noticed Robin
    18 | D:2      | Killed Robin
    19 | D:2      | Reached skill level 5 in Ranged Weapons
    19 | D:2      | Reached XP level 2. HP: 6/25 MP: 1/1
   385 | D:5      | Entered Level 5 of the Dungeon
   396 | D:5      | HP: 1/25 [iguana (10)]
   397 | D:5      | Slain by an iguana

Illustrated notes

Levels and vault maps discovered:
D:1:      spicycebolla_arrival_transporter_tutorial, layout_basic,
          basic_ecumenical_altar
D:2:      layout_basic, uniq_natasha, uniq_robin, uniq_crazy_yiuf_cottage
D:3:      layout_basic, grunt_temple_overflow_open, uniq_sigmund, uniq_ijyb,
          uniq_jessica
D:4:      layout_gridville, hangedman_decor_push
D:5:      layout_loops_ring, minmay_temple_entry_purple_smoke,
          amcnicky_mini_pool_medium, uniq_grinder

Skill      XL: |  1 |
---------------+----+-----
Ranged Weapons | 5 |  5.2
Fighting       | |  2.5
Dodging        | |  2.2
Stealth        | |  0.7

Action                   || total
-------------------------++-------
 Fire: Shortbow          ||    29
Armor: Leather armour    ||     3
Dodge: Dodged            ||    16
